 Dungeon Crawl Stone Soup version 0.28-a0-1404-g4df0f3684d (webtiles) character file.

Game seed: 3804675521870920513

2 fragbeetle the Ruffian (level 1, -1/16 HPs)
             Began as a Draconian Transmuter on Jan 5, 2022.
             Slain by an orc wizard (3 damage)
             ... on level 3 of the Dungeon.
             The game lasted 00:00:50 (219 turns).

fragbeetle the Ruffian (Draconian Transmuter)        Turns: 219, Time: 00:00:50

Health: -1/16      AC:  4    Str: 12    XL:     1   Next: 33%
Magic:  3/3        EV: 12    Int: 13    God:
Gold:   13         SH:  0    Dex: 11    Spells: 3/4 levels left

rFire   . . .      SeeInvis .     - Unarmed
rCold   . . .      Faith    .   (no shield)
rNeg    . . .      Spirit   .   (armour unavailable)
rPois   .          Reflect  .   (helmet currently unavailable)
rElec   .          Harm     .   (no cloak)
rCorr   .          Rampage  .   (no gloves)
Will    .....                   (boots currently unavailable)
Stlth   +.........              (no amulet)
HPRegen 0.05/turn               (no ring)
MPRegen 0.08/turn               (no ring)

@: confused, appendages (expiring)
A: horns 2, talons 2, AC +4, unfitting armour, cold-blooded
a: End Transformation


You were on level 3 of the Dungeon.
You had temporarily grown beastly horns and talons.
You visited 1 branch of the dungeon, and saw 3 of its levels.

You collected 13 gold pieces.

Inventory:

Missiles
 a - 4 boomerangs
 b - 6 javelins
Scrolls
 c - a scroll of torment {unknown}
Potions
 d - a potion of haste {unknown}


   Skills:
 + Level 1.1 Fighting
 + Level 1.8 Dodging
 * Level 3.0 Unarmed Combat
 - Level 2.0 Spellcasting
 * Level 2.0 Transmutations


You had 3 spell levels left.
You knew the following spells:

 Your Spells              Type           Power      Damage    Failure   Level
a - Beastly Appendage     Tmut           12%        N/A       11%         1

Your spell library contained the following spells:

 Spells                   Type           Power      Damage    Failure   Level
 Wereblood                Tmut           6%         N/A       16%         2
 Spider Form              Tmut/Pois      4%         N/A       45%         3
 Ice Form                 Ice/Tmut       4%         N/A       86%         4


Dungeon Overview and Level Annotations

Branches:
Dungeon (3/15)

Altars:

Annotations:
D:2 Sigmund


Innate Abilities, Weirdness & Mutations

You have temporarily grown beastly horns and talons.
Your plain brown scales are hard. (AC +4)
You cannot fit into any form of body armour.
You are cold-blooded and may be slowed by cold attacks.


Message History

Things that are here:
a +0 dagger; an orc corpse You closely miss the rat.
You tail-slap the rat.
You kill the rat!
There is a stone staircase leading up here.
You start resting.
Your horns disappear.
Your talons disappear.
A kobold and 2 orcs come into view.
An orc is wielding a +0 dagger and quivering silver boomerangs.
Found 6 gold pieces.
The orc shouts! x2
An orc wizard comes into view. It is wielding a +0 dagger.
The orc wizard shouts!
Casting: Beastly Appendage (safe; 11% risk of failure)
Confirm with . or Enter, or press ? or * to list all spells.
You grow a pair of large bovine horns.
Your feet morph into talons.
The orc wizard points at you and mumbles some strange words.
You are confused.
You bump into the rock wall.
The orc wizard casts a spell.
The orc wizard flickers and vanishes!
Deactivating autopickup; reactivate with Ctrl-A.
Your transformation is almost over.
You completely miss something. Something hits you.
You miss something. Your headbutt misses something. Something hits you.
You feel less confused.
You miss something. Your kick misses something.
Your tail-slap misses something.
Something hits you.
* * * LOW HITPOINT WARNING * * *
You closely miss something. Something hits you but does no damage.
You hit something. Something hits you.
* * * LOW HITPOINT WARNING * * *
You miss something. Your kick misses something. Your headbutt misses something.
You tail-slap something.
You hear some strange, mumbled words.
You are confused.
You miss something. Your kick misses something. Your headbutt misses something.
Your tail-slap misses something.
Something hits you but does no damage.
You're too confused to move!
Something hits you.
You die...

#... #...
#...## ###
#....##..
K##.....#.#
$ ....... #.
#..#.#
#..#.@#.#
#.#.{.####.#
#.....<)...#
###..#######
#..#
#.....oo.o
#..#######
#..# #..#


There were no monsters in sight!

Vanquished Creatures
  An orc (D:3)
  A rat (D:3)
2 creatures vanquished.

Notes
Turn   | Place    | Note
-------+----------+-------------------------------------------
     0 | D:1      | fragbeetle the Draconian Transmuter began the quest for the
                  | Orb.
     0 | D:1      | Reached XP level 1. HP: 16/16 MP: 3/3
   120 | D:1      | You fall into a shaft and drop 1 floor!
   146 | D:2      | Noticed Sigmund
   198 | D:3      | Noticed an orc wizard
   219 | D:3      | Slain by an orc wizard

Illustrated notes

Levels and vault maps discovered:
D:1:      ebering_trefoil_3fold, layout_loops_corners,
          hellmonk_ecumenical_altar_inner_sanctum, serial_shops,
          nicolae_shop_window_shopping, nicolae_diamond_shop
D:2:      layout_loops_corners, uniq_sigmund
D:3:      layout_loops_ring, makhleb_altar_promises_db, serial_shops, shop,
          cheibrodos_sewer_entry_bend, corexii_item_surrounded_by_moat,
          chequers_mini_garden, kennysheep_generic_room_3

Action                   || total
-------------------------++-------
Melee: Unarmed           ||    13
       Tailslap          ||     3
 Cast: Beastly Appendage ||     2
Armor: Skin              ||     3
Dodge: Dodged            ||     5

Table legend: (Time is in decaauts)
 A = Elapsed time spent in this place.
 B = Non-inter-level travel time spent in this place.
 C = Inter-level travel time spent in this place.
 D = Time resting spent in this place.
 E = Time spent auto-exploring this place.
 F = Levels seen in this place.
 G = Mean time per level.
                   A        B        C        D        E       F      G
               +--------+--------+--------+--------+--------+-----+--------+
         Total |    217 |    217 |      0 |      4 |    122 |   3 |   72.3 |
       Dungeon |    217 |    217 |      0 |      4 |    122 |   3 |   72.3 |
               +--------+--------+--------+--------+--------+-----+--------+

Top non-repeatable levels by time:
     D:1: 120 daAuts
     D:2: 60 daAuts
     D:3: 37 daAuts
